 Dungeon Crawl Stone Soup version 0.28-a0-563-gf77a47075d (webtiles) character file.

Game seed: 13355826646885465093

97405 robertstho the Eclecticist (level 16, -1/115 HPs)
             Began as a Djinni Fire Elementalist on Sept 29, 2021.
             Was an Initiate of Gozag.
             Shot with a bolt by a naga sharpshooter (7 damage)
             ... led by Vashnia
             ... on level 2 of the Snake Pit.
             The game lasted 01:11:15 (36711 turns).

robertstho the Eclecticist (DjFE)                  Turns: 36711, Time: 01:11:17

Health: -1/115     AC: 20    Str: 10    XL:     16   Next: 69%
Gold:   3713       EV: 10    Int: 26    God:    Gozag SH:  8 Dex: 14

rFire   + + .      SeeInvis +   V - +5 war axe "Gitor" {vorpal, rElec}
rCold   x . .      Faith    .   (no shield)
rNeg    . . .      Spirit   +   o - +4 scale mail of Foaplu {+Inv Will- rCorr Str+3}
rPois   ∞          Reflect  .   b - +2 hat {Will+}
rElec   +          Harm     .   l - scarf {repulsion}
rCorr   +          Rampage  .   p - +2 pair of gloves
Will    +....                   (boots unavailable)
Stlth   +.........              C - brooch of Shielding {Spirit SH+8}
HPRegen 0.29/turn               f - +4 ring of protection
MPRegen 0.00/turn               q - ring of see invisible

@: gold aura, flying, studying Stealth, repel missiles
A: sickness immunity, fire resistance 2, cold vulnerability 1, float, innate
caster, hp casting, extra vitality 1, clever 1, wild magic 1
a: Renounce Religion, Evoke Invisibility, Potion Petition, Call Merchant, Bribe
Branch


You were on level 2 of the Snake Pit.
You worshipped Gozag.
Gozag was most pleased with you.
You visited 5 branches of the dungeon, and saw 24 of its levels.
You also visited: Bailey.

You collected 6764 gold pieces.
You spent 2041 gold pieces at shops.
You paid 1010 gold pieces to Gozag.

Inventory:

Hand Weapons
 E - a +1 scimitar of flaming
 S - a +0 triple sword of freezing
 V - the +5 war axe "Gitor" (weapon) {vorpal, rElec}
   (You found it on level 4 of the Lair of Beasts)

   It inflicts extra damage upon your enemies.
   rElec:     It insulates you from electricity.
Missiles
 G - 2 throwing nets
Armour
 b - a +2 hat of willpower (worn)
 h - a scarf of invisibility
 l - a scarf of repulsion (worn)
 o - the +4 scale mail of Foaplu (worn) {+Inv Will- rCorr Str+3}
   (You bought it in a shop on level 1 of the Snake Pit)

   Str:       It affects your strength (+3).
   +Inv:      It lets you turn invisible.
   rCorr:     It protects you from acid and corrosion.
   Will:      It decreases your willpower.
 p - a +2 pair of gloves (worn)
 y - a +2 buckler
 B - a scarf of resistance
Jewellery
 d - a +4 ring of protection
 f - a +4 ring of protection (left hand)
 g - an amulet of the acrobat
 i - the ring "Caucaepray" {Fly rF- Str+6 Dex+2 Slay+5}
   (You found it in a bailey)

   [ring of strength]

   Str:       It affects your strength (+6).
   Dex:       It affects your dexterity (+2).
   Slay:      It affects your accuracy & damage with ranged weapons and melee
   (+5).
   rF:        It makes you vulnerable to fire.
   Fly:       It grants you flight.
 q - a ring of see invisible (right hand)
 r - a ring of resist corrosion
 v - a ring of protection from fire
 C - the brooch of Shielding (around neck) {Spirit SH+8}
   (You took it off a deep elf pyromancer on level 7 of the Dungeon)

   [amulet of guardian spirit]

   It causes incoming damage to be divided between your reserves of health and
   magic.
   SH:        It affects your SH (+8).
 D - a ring of positive energy
 L - a ring of protection from cold
 O - a ring of protection from cold
Wands
 c - a wand of polymorph (24)
 w - a wand of mindburst (17)
 x - a wand of iceblast (9)
 A - a wand of digging (9)
 Q - a wand of acid (3)
Scrolls
 k - 3 scrolls of enchant armour
 m - 5 scrolls of magic mapping
 s - 2 scrolls of brand weapon
 u - a scroll of teleportation
 U - a scroll of holy word
 X - a scroll of torment
 Y - a scroll of enchant weapon
Potions
 e - 9 potions of curing
 j - 2 potions of berserk rage
 n - 2 potions of cancellation
 t - 5 potions of haste
 z - 2 potions of ambrosia
 H - a potion of mutation
 J - a potion of resistance
 R - 2 potions of brilliance
Miscellaneous
 a - a lightning rod (4/4)
 N - a box of beasts


   Skills:
 * Level 10.7 Fighting
 + Level 0.8 Short Blades
 + Level 3.7 Polearms
 + Level 3.9 Armour
 + Level 5.5 Dodging
 + Level 3.9 Stealth
 + Level 2.5 Shields
 * Level 19.2 Spellcasting


You had 14 spell levels left.
You knew the following spells:

 Your Spells              Type           Power      Damage    Failure   Level
a - Foxfire               Conj/Fire      100%       2x1d9     1%          1
b - Scorch                Fire           100%       2d10      1%          2
c - Conjure Flame         Conj/Fire      100%       6-21      1%          3
d - Inner Flame           Hex/Fire       100%       N/A       1%          3
e - Flame Wave            Conj/Fire      100%       3d16      1%          4
f - Magic Dart            Conj           100%       1d8       1%          1
g - Blink                 Tloc           N/A        N/A       1%          2
h - Lesser Beckoning      Tloc           100%       N/A       1%          3
i - Ice Form              Ice/Tmut       100%       N/A       1%          4
j - Lee's Rapid Deconstr  Erth           52%        3d25*     1%          5
k - Irradiate             Conj/Tmut      52%        3d31      1%          5
l - Summon Cactus Giant   Summ           52%        N/A       1%          6
Your spell library was empty.

Dungeon Overview and Level Annotations

Branches:
Dungeon (13/15)            Temple (1/1) D:4            Lair (6/6) D:9
 Shoals (0/4) Lair:2        Snake (2/4) Lair:3        Slime (0/5) Lair:6
    Orc (2/2) D:9             Elf (0/3) Orc:2        Bailey (visited)
 Vaults: D:13-14

Altars:
Ashenzari
Cheibriados
Dithmenos
Elyvilon
Fedhas
Gozag
Hepliaklqana
Kikubaaqudgha
Makhleb
Nemelex Xobeh
Okawaru
Qazlal
Ru
Sif Muna
Trog
Uskayaw
Vehumet
Wu Jian
Xom
Yredelemnul
Zin
The Shining One
Beogh

Shops:
D:1 =   D:4 ([=[!   D:5 :   D:9 ([   D:10 *   D:12 *   Orc:2 **[!(!   Lair:1 [
Snake:1 ![*[=[:[

Annotations:
Lair:1 Helmet
Snake:2 Vashnia


Innate Abilities, Weirdness & Mutations

You are immune to sickness and miasma.
You are immune to poison.
Your flesh is very heat resistant. (rF++)
You are vulnerable to cold. (rC-)
You float through the air rather than walking.
You learn spells naturally, not from books.
Your magical power is your life essence.
You have superior vitality. (+4 HP)
Your mind is acute. (Int +2)
Your spells are a little harder to cast, but a little more powerful.


Message History

You feel strangely unstable. You block the shock serpent's attack.
The nagaraja spits poison at you.
The splash of poison is repelled.
A naga sharpshooter comes into view.
It is wielding a +1 scimitar of electrocution.
The shock serpent is distracted by your dazzling golden aura.
Your cactus giant hits the nagaraja with a +0 giant spiked club!
The shock serpent hisses angrily.
The black mamba hisses angrily.
The naga sharpshooter is no longer distracted by gold.
The shock serpent is no longer distracted by gold.
The naga sharpshooter is distracted by your dazzling golden aura.
Your surroundings suddenly seem different.
Found 17 gold pieces.
The naga sharpshooter shouts!
The anaconda is distracted by your dazzling golden aura.
The naga sharpshooter unwields a +0 scimitar.
The naga sharpshooter wields a +0 arbalest.
The naga sharpshooter shoots a bolt.
The bolt hits you!!
* * * LOW HITPOINT WARNING * * *
The anaconda hisses angrily.
Blink to where?
Press: ? - help, Dir - move target A naga sharpshooter comes into view.
It is wielding a +0 glaive.
As you read the scroll of blinking, it crumbles to dust.
The naga sharpshooter shouts! x2; The naga shouts!
The naga sharpshooter is no longer distracted by gold.
The naga sharpshooter unwields a +1 scimitar of electrocution.
It stops crackling.
The naga sharpshooter wields a +0 shortbow.
The naga sharpshooter gestures wildly while chanting.
The naga sharpshooter magically shoots an arrow.
The arrow hits you but does no damage.
The naga sharpshooter shoots a bolt.
You block the bolt.
The naga sharpshooter unwields a +0 glaive.
The naga sharpshooter wields a +0 arbalest.
The naga sharpshooter shoots a bolt.
The bolt closely misses you.
The naga sharpshooter mumbles some strange words.
The naga sharpshooter magically shoots a bolt.
The bolt hits you!
You die...
Your body crumbles into a pile of gold.

#.# ....... #. #
..# ##.#... . .#
#. ... .##... ..
##. .# ..##
.#..#. #...##N
..... .....$N .##
#..##$......
..$#........#N.
..##@$...N..N.
........#...$.N..
##/......#$..N...
####.....#...##.
.. # ###.......N#
..#. #§#...N.N.#
.#..
##.....SN..##
....
#.......#.##$...
.......S#C.#...


You could see 5 naga sharpshooters and a naga.

Vanquished Creatures
  Gastronok (D:8)
  Kirke (Lair:5)
  Louise (Snake:1)
  Aizul (Snake:2)
  Snorg (Orc:2)
  2 naga warriors
  2 vault guards (D:13)
  A death knight (D:13)
  3 catoblepae
  Erica (D:8)
  An anaconda (Snake:2)
  4 two-headed ogres
  6 hydras
  5 boulder beetles
  A centaur warrior (D:13)
  4 orc high priests (Orc:2)
  8 death yaks
  A shock serpent (Snake:1)
  A skeletal warrior (D:13)
  2 orc knights
  8 wizards
  A mana viper (Snake:2)
  Pikel (D:7)
  4 deep elf pyromancers
  2 deep elf zephyrmancers (D:12)
  3 manticores
  3 ugly things
  4 orc sorcerers
  2 salamanders (Snake:1)
  3 cyclopes
  A moth of wrath (D:4)
  13 elephants
  3 merfolk sirens (Lair:2)
  2 naga magi
  10 black mambas
  Joseph (D:8)
  A torpor snail (Lair:3)
  2 gargoyles
  18 cane toads
  3 rime drakes
  A kobold demonologist (D:7)
  12 komodo dragons
  A merfolk (Lair:2)
  A meliai (D:13)
  7 trolls
  7 slime creatures
  14 blink frogs
  2 dream sheep (Lair:3)
  Sigmund (D:6)
  4 wyverns
  2 wraiths
  3 shadows
  5 basilisks
  53 yaks
  3 chaos spawn (D:8)
  7 vampire mosquitoes (D:12)
  2 wargs (Orc:2)
  5 nagas (Snake:1)
  An acid dragon (D:13)
  16 water moccasins
  A hornet zombie (D:7)
  21 orc warriors
  2 ice beasts
  3 black bears
  6 ogres
  7 wolves
  4 centaurs
  A boggart (D:10)
  4 kobold brigands
  13 bullfrogs
  A gnoll sergeant (D:10)
  4 scorpions
  2 wyvern zombies
  7 wights
  5 killer bees (D:9)
  2 vampire bats (Lair:5)
  7 howler monkeys
  An electric eel (Lair:3)
  4 centaur zombies
  2 bullfrog zombies
  2 hounds
  6 jellies
  2 centaur skeletons
  34 orc priests
  4 iguanas
  Jessica (D:3)
  2 gnoll shamans
  Natasha (D:4)
  34 orc wizards
  A hell rat (D:9)
  2 killer bee zombies
  4 howler monkey zombies
  20 gnolls
  A howler monkey skeleton (D:5)
  5 adders
  A river rat (D:9)
  A shadow imp (D:6)
  2 white imps (D:6)
  3 ufetubi
  An adder skeleton (D:5)
  An adder zombie (D:5)
  4 worms
  3 dart slugs
  71 orcs
  5 endoplasms
  2 giant cockroaches
  7 goblins
  4 hobgoblins
  3 jackals (D:1)
  2 quokkas
  4 ball pythons
  6 bats (Lair:5)
  2 frilled lizards (D:1)
  24 kobolds
  5 rats
646 creatures vanquished.

Vanquished Creatures (collateral kills)
  A vault guard (D:12)
  A catoblepas (Lair:6)
  7 death yaks
  A wizard (D:13)
  A wraith (D:13)
  5 yaks (Lair:6)
  2 orc warriors (Orc:2)
  2 orc wizards (Orc:2)
  3 foxfires
23 creatures vanquished.

Vanquished Creatures (others)
  6 humans (Lair:5)
  46 bushes (Lair:2)
  972 foxfires
  29 fungi
  65 plants
1118 creatures vanquished.

Grand Total: 1787 creatures vanquished

Notes
Turn   | Place    | Note
-------+----------+-------------------------------------------
     0 | D:1      | robertstho the Djinni Fire Elementalist began the quest for
                  | the Orb.
     0 | D:1      | Reached XP level 1. HP: 15/15 MP: 0/0
   401 | D:1      | Reached XP level 2. HP: 19/21 MP: 0/0
   677 | D:1      | Reached XP level 3. HP: 17/26 MP: 0/0
   677 | D:1      | Learned a level 1 spell: Magic Dart
   795 | D:1      | Found Xeofaivau's Jewellery Boutique.
   937 | D:1      | Reached skill level 3 in Spellcasting
  1355 | D:2      | Reached skill level 1 in Fighting
  1791 | D:2      | Reached XP level 4. HP: 28/32 MP: 0/0
  2022 | D:2      | Found a faded altar of an unknown god.
  2056 | D:2      | Identified a scroll of acquirement
  2056 | D:2      | Acquired a +2 hat of willpower
  2332 | D:3      | Noticed Jessica
  2336 | D:3      | Killed Jessica
  2337 | D:3      | Reached XP level 5. HP: 10/37 MP: 0/0
  2337 | D:3      | Learned a level 2 spell: Blink
  2727 | D:3      | Reached skill level 4 in Spellcasting
  2744 | D:3      | Reached XP level 6. HP: 27/42 MP: 0/0
  3485 | D:4      | Found Kaopn's Distillery.
  3492 | D:4      | Bought a potion of heal wounds for 50 gold pieces
  3501 | D:4      | Found Wegailau's Antique Armour Emporium.
  3503 | D:4      | Found Genno's Jewellery Shop.
  3649 | D:4      | Found Buitong's Antique Armour Shop.
  3754 | D:4      | Found a staircase to the Ecumenical Temple.
  3767 | Temple   | Entered the Ecumenical Temple
  4499 | D:4      | Reached skill level 5 in Spellcasting
  4686 | D:4      | Noticed a moth of wrath
  4689 | D:4      | Found a bloodstained altar of Trog.
  4706 | D:4      | Killed a moth of wrath
  4707 | D:4      | Reached skill level 6 in Spellcasting
  4707 | D:4      | Reached XP level 7. HP: 18/49 MP: 0/0
  4707 | D:4      | Learned a level 3 spell: Lesser Beckoning
  4707 | D:4      | Reached XP level 8. HP: 20/55 MP: 0/0
  4960 | D:4      | Found Exaga's Antique Weapon Emporium.
  5096 | D:4      | Noticed Natasha
  5165 | D:4      | Killed Natasha
  5327 | D:5      | Entered Level 5 of the Dungeon
  5571 | D:5      | Found a broken altar of Ashenzari.
  5674 | D:5      | Found an ornate altar of the Wu Jian Council.
  5691 | D:5      | Reached skill level 7 in Spellcasting
  6131 | D:5      | Reached XP level 9. HP: 56/61 MP: 0/0
  6131 | D:5      | Learned a level 4 spell: Ice Form
  6169 | D:5      | Found a glowing golden altar of the Shining One.
  6340 | D:5      | Found Nyech's Book Shoppe.
  6899 | D:6      | Reached skill level 8 in Spellcasting
  7202 | D:6      | Noticed Sigmund
  7208 | D:6      | Killed Sigmund
  7807 | D:7      | Noticed Pikel
  7811 | D:7      | Killed Pikel
  7812 | D:7      | Reached skill level 1 in Polearms
  7826 | D:7      | Reached XP level 10. HP: 33/69 MP: 0/0
  7829 | D:7      | Noticed a gargoyle
  7909 | D:7      | Found a flagged portal.
  7921 | Bailey   | Entered a bailey
  8264 | Bailey   | Noticed an orc knight
  8294 | Bailey   | Reached skill level 5 in Fighting
  8294 | Bailey   | Reached skill level 9 in Spellcasting
  8317 | Bailey   | Killed an orc knight
  8517 | Bailey   | Found a bloodstained altar of Trog.
  8525 | Bailey   | Identified the ring "Caucaepray" {Fly rF- Str+6 Dex+2
                  | Slay+5}
  8531 | Bailey   | Identified the +10 plate armour of Cloud Cover {MP+9 Str-4
                  | Int+2 Slay+3 Stlth+}
  8566 | D:7      | Reached skill level 1 in Shields
  8831 | D:7      | Noticed a kobold demonologist
  8837 | D:7      | Killed a kobold demonologist
  8929 | D:7      | Killed a gargoyle
  9019 | D:7      | Reached skill level 10 in Spellcasting
  9292 | D:7      | Noticed a deep elf pyromancer
  9299 | D:7      | Killed a deep elf pyromancer
  9300 | D:7      | Reached XP level 11. HP: 61/76 MP: 0/0
  9300 | D:7      | Learned a level 5 spell: Lee's Rapid Deconstruction
  9680 | D:7      | Identified the +1 plate armour "Gireyck" {Int+4}
 10234 | D:8      | Noticed Joseph
 10252 | D:8      | Killed Joseph
 10796 | D:8      | Noticed Gastronok
 10827 | D:8      | Killed Gastronok
 10828 | D:8      | Reached skill level 11 in Spellcasting
 11188 | D:8      | Noticed Erica
 11193 | D:8      | Killed Erica
 11763 | D:8      | Found a shimmering altar of Xom.
 11810 | D:8      | Found a shimmering altar of Xom.
 11811 | D:8      | Found the +7 mace of Variability {chain chaos}
 12075 | D:9      | Noticed a death yak
 12080 | D:9      | Noticed a death yak
 12083 | D:9      | Noticed a death yak
 12085 | D:9      | Killed a death yak
 12090 | D:9      | Killed a death yak
 12091 | D:9      | Killed a death yak
 12092 | D:9      | Reached XP level 12. HP: 19/84 MP: 0/0
 12195 | D:9      | Noticed a two-headed ogre
 12371 | D:9      | Found a staircase to the Lair.
 12385 | D:9      | Killed a two-headed ogre
 12386 | D:9      | Reached skill level 12 in Spellcasting
 12568 | D:9      | Found Zamm's Weapon Emporium.
 12573 | D:9      | Found a staircase to the Orcish Mines.
 12573 | D:9      | Found Wukhletra's Armour Emporium.
 13363 | D:9      | Noticed a two-headed ogre
 13367 | D:9      | Killed a two-headed ogre
 13372 | D:9      | Identified the +1 leather armour "Unuu" {rElec Int+3}
 13822 | D:9      | Found a sparkling altar of Nemelex Xobeh.
 13822 | D:9      | Found a hide-covered altar of Uskayaw.
 13826 | D:9      | Found a snail-covered altar of Cheibriados.
 13827 | D:9      | Found a basalt altar of Yredelemnul.
 13988 | D:10     | Entered Level 10 of the Dungeon
 14069 | D:10     | Found Ymmuzon's Demolitions Depot.
 14145 | D:10     | Found an opulent altar of Gozag.
 14159 | D:10     | Became a worshipper of Gozag Ym Sagoz the Greedy
 14310 | D:10     | Noticed a two-headed ogre
 14313 | D:10     | Killed a two-headed ogre
 14930 | D:10     | Found a glowing silver altar of Zin.
 15313 | D:11     | Reached skill level 13 in Spellcasting
 15519 | D:11     | Reached skill level 5 in Dodging
 16451 | D:12     | Found Pivegoni's Assorted Antiques.
 16458 | D:12     | Reached skill level 1 in Armour
 16463 | D:12     | Reached XP level 13. HP: 11/90 MP: 0/0
 16463 | D:12     | Learned a level 5 spell: Irradiate
 17310 | D:12     | Reached skill level 14 in Spellcasting
 18100 | D:12     | Found the +5 sword of Power {vorpal}
 19161 | Lair:1   | Entered Level 1 of the Lair of Beasts
 19208 | Lair:1   | Reached skill level 15 in Spellcasting
 19424 | Lair:1   | Noticed a boulder beetle
 20290 | Lair:1   | Killed a boulder beetle
 20776 | Lair:1   | Bought a distressingly furry scale mail for 261 gold pieces
 20776 | Lair:1   | Identified the +4 scale mail of Immorality {rPois Will+
                  | Int+3 Stlth-} (You bought it in a shop on level 1 of the
                  | Lair of Beasts)
 20847 | Lair:2   | Reached XP level 14. HP: 86/99 MP: 0/0
 22597 | Lair:2   | Reached skill level 16 in Spellcasting
 22802 | Lair:2   | Found a staircase to the Shoals.
 23215 | Lair:3   | Found a staircase to the Snake Pit.
 24697 | Lair:4   | Identified the +5 war axe "Gitor" {vorpal, rElec}
 25671 | Lair:4   | You are sucked into a shaft and drop 2 floors!
 25671 | Lair:6   | Entered Level 6 of the Lair of Beasts
 25728 | Lair:6   | Gained mutation: Your mind is acute. (Int +2) [potion of
                  | mutation]
 25728 | Lair:6   | Gained mutation: Your spells are a little harder to cast,
                  | but a little more powerful. [potion of mutation]
 25767 | Lair:5   | Reached XP level 15. HP: 46/105 MP: 0/0
 25767 | Lair:5   | Learned a level 6 spell: Summon Cactus Giant
 26640 | Lair:5   | Reached skill level 17 in Spellcasting
 27166 | Lair:5   | Noticed Kirke
 27170 | Lair:5   | Killed Kirke
 28606 | Lair:6   | Reached skill level 10 in Fighting
 29554 | Lair:6   | Reached skill level 18 in Spellcasting
 30007 | Lair:6   | Found a staircase to the Slime Pits.
 30647 | Orc:1    | Entered Level 1 of the Orcish Mines
 30816 | Orc:2    | Entered Level 2 of the Orcish Mines
 31706 | Orc:2    | Noticed Snorg
 31729 | Orc:2    | Killed Snorg
 31730 | Orc:2    | Reached XP level 16. HP: 21/113 MP: 0/0
 32742 | Orc:2    | Found Kaclogat's Specific Store.
 32750 | Orc:2    | Found Ywen's General Store.
 32754 | Orc:2    | Bought a scroll of enchant weapon for 105 gold pieces
 32754 | Orc:2    | Bought a scroll of identify for 28 gold pieces
 32853 | Orc:2    | Found a staircase to the Elven Halls.
 32982 | Orc:2    | Found Ryranuocs's Distillery.
 32982 | Orc:2    | Found Cuxtoanet's Distillery.
 32983 | Orc:2    | Found Zalerasch's Weapon Shop.
 32987 | Orc:2    | Found Hessuj's Armour Boutique.
 32990 | Orc:2    | Bought a potion of haste for 120 gold pieces
 32990 | Orc:2    | Bought a potion of flight for 36 gold pieces
 32990 | Orc:2    | Bought a potion of curing for 36 gold pieces
 32990 | Orc:2    | Bought a potion of lignification for 36 gold pieces
 32990 | Orc:2    | Bought a potion of brilliance for 48 gold pieces
 35359 | Snake:1  | Entered Level 1 of the Snake Pit
 35580 | Snake:1  | Found Quf Ytwi's Antique Armour Shop.
 35586 | Snake:1  | Found Ubemun's Book Shop.
 35586 | Snake:1  | Found Ygabroh's Armour Boutique.
 35591 | Snake:1  | Found Ibbos's Jewellery Boutique.
 35656 | Snake:1  | Found Roicsiwk's Armour Shoppe.
 36239 | Snake:1  | Found Daalik's Assorted Antiques.
 36246 | Snake:1  | Noticed Louise
 36251 | Snake:1  | Killed Louise
 36252 | Snake:1  | Reached skill level 19 in Spellcasting
 36350 | Snake:1  | Bought a short brass wand for 124 gold pieces
 36350 | Snake:1  | Bought a potion of heal wounds for 155 gold pieces
 36350 | Snake:1  | Bought a scroll of teleportation for 93 gold pieces
 36350 | Snake:1  | Bought a bronze wand for 124 gold pieces
 36361 | Snake:1  | Found Areoxoesk's Armour Shoppe.
 36363 | Snake:1  | Found Gisoustrici's Distillery.
 36372 | Snake:1  | Bought a potion of curing for 51 gold pieces
 36372 | Snake:1  | Bought a potion of curing for 51 gold pieces
 36372 | Snake:1  | Bought a potion of curing for 51 gold pieces
 36372 | Snake:1  | Bought 2 potions of heal wounds for 170 gold pieces
 36377 | Snake:1  | Bought the +4 scale mail of Foaplu {+Inv Will- rCorr Str+3}
                  | for 502 gold pieces
 36587 | Snake:2  | Noticed a nagaraja
 36596 | Snake:2  | Noticed Aizul
 36690 | Snake:2  | Noticed Vashnia
 36701 | Snake:2  | Killed Aizul
 36706 | Snake:2  | HP: 2/115 [Vashnia/arrow (33)]
 36711 | Snake:2  | Shot with a bolt by a naga sharpshooter

Illustrated notes

Levels and vault maps discovered:
D:1:      minmay_arrival_four_houses, layout_rooms, serial_shops, shop,
          minivault_27
D:2:      layout_loops_ring, shapermc_ecumenical_altar_ellora
D:3:      layout_rooms, uniq_jessica
D:4:      layout_gridville, tgw_trog, minmay_temple_entry_tees, serial_shops,
          shop, nicolae_shop_window_shopping, shop_statue, shop, shop,
          uniq_natasha
D:5:      layout_basic, tso_metal_star, evilmike_ruin_ashenzari,
          mainiacjoe_overflow_paths, serial_shops, shop_statue, serial_curves,
          eino_curves_04, eino_curves_04, chequers_serial_rivers_micro_b
D:6:      layout_cave_pools, uniq_sigmund
D:7:      minmay_the_grid_octo_2x2 [minmay_the_grid_octo_empty,
          minmay_the_grid_octo_thin_diamonds, minmay_the_grid_octo_toaster,
          minmay_the_grid_octo_prize_ultimate_mussel_roller], layout_loops_ring,
          enter_bailey_5, grunt_ministairs_15, uniq_pikel
D:8:      layout_basic, mainiacjoe_overflow_small_starburst,
          minmay_guarded_unrand_variability, uniq_joseph, uniq_gastronok,
          uniq_erica
D:9:      kennysheep_ambush_hall, layout_loops_ring,
          lemuel_coloured_pillars_altar, minitemple, dpeg_lair_monsters,
          orc_david_3
D:10:     lemuel_flame_loot_2, layout_gridville, mainiacjoe_overflow_boulevard,
          nicolae_gozag_cash_rules_everything_around_me, st_stairs_3,
          nicolae_blasting_shop
D:11:     layout_loops_cross, kennysheep_cluttered_room
D:12:     minmay_tri_stars, layout_irregular_city, serial_shops,
          nicolae_inconvenience_store
D:13:     minmay_smoke_and_mirrors, layout_rooms, erik_vaults_2,
          minmay_diced_spiral
Temple:   jpeg_temple_island
Lair:1:   layout_roguey, lemuel_fruit_tree
Lair:2:   layout_roguey, elwin_shoals_entry_stream,
          eino_small_chamber_without_monster, minmay_hedge_maze,
          hangedman_lair_generics_rect
Lair:3:   layout_cave_pods, dummy_snake_entry, serial_bayou,
          serial_bayou_shore_b, serial_bayou_pond_b, serial_bayou_crossing,
          serial_bayou_pond_b, serial_bayou_shore_b, serial_bayou_shore_b,
          uniq_rupert
Lair:4:   layout_gridlike, grunt_megastairs_2
Lair:5:   layout_regular_city, roderic_batcave, uniq_kirke
Lair:6:   evilmike_catoblepas_cave, layout_big_grid,
          nicolae_slime_entry_slimehenge, serial_bayou_shore_b,
          grunt_megastairs_3
Snake:1:  layout_honeycomb, serial_shops, shop, nicolae_snake_serpentine_bazaar,
          minmay_shoptagon, uniq_louise
Snake:2:  layout_onion_interference, minmay_shop_star, uniq_aizul, uniq_vashnia
Orc:1:    layout_caves
Orc:2:    st_orc_mages, layout_caves, basic_altar, library_closet,
          nicolae_specific_store, uniq_snorg

Skill      XL: |  1  2  3  4  5  6  7  8  9 10 11 12 13 14 15 16 |
---------------+-------------------------------------------------+-----
Spellcasting   | 3 4 6 7 8 10 11 13 15 16 18 19 | 19.2
Fighting       | 1 2 3 4 5 6 7 8 9 10 | 10.7
Stealth        | 2 3 |  3.9
Dodging        | 3 4 5 |  5.5
Polearms       | 2 3 |  3.7
Shields        | 1 2 |  2.5
Armour         | 1 2 3 |  3.9
Short Blades   | |  0.8

Action                   |  1- 3 |  4- 6 |  7- 9 | 10-12 | 13-15 | 16-18 || total
-------------------------+-------+-------+-------+-------+-------+-------++-------
Melee: Dagger            |       |       |    11 |       |       |       ||    11
       Short sword       |       |       |     5 |       |       |       ||     5
       Trident           |       |       |    38 |    55 |     4 |       ||    97
       Scimitar          |       |       |       |       |     2 |       ||     2
 Cast: Foxfire           |    41 |    77 |    23 |   128 |   206 |    85 ||   560
       Scorch            |     9 |    45 |    54 |    36 |    72 |    34 ||   250
       Flame Wave        |       |     1 |    18 |     4 |    14 |     1 ||    38
       Magic Dart        |       |       |       |     1 |       |       ||     1
       Lee's Rapid Decon |       |       |       |   161 |   336 |    88 ||   585
       Conjure Flame     |       |       |       |     2 |     1 |       ||     3
       Blink             |       |       |       |       |     1 |       ||     1
       Irradiate         |       |       |       |       |     5 |     3 ||     8
       Ice Form          |       |       |       |       |     1 |       ||     1
       Summon Cactus Gia |       |       |       |       |     7 |     6 ||    13
Invok: Call Merchant     |       |       |       |       |     1 |       ||     1
Evoke: Wand              |       |       |       |       |     1 |     4 ||     5
  Use: Scroll            |       |     4 |       |    10 |    11 |     8 ||    33
       Potion            |       |     1 |     1 |       |     4 |     5 ||    11
 Stab: Sleeping          |       |       |     2 |       |       |       ||     2
       Distracted        |       |       |       |     2 |       |       ||     2
Armor: Robe              |     3 |     5 |    52 |    14 |       |       ||    74
       Leather armour    |       |       |       |     1 |     3 |       ||     4
       Scale mail        |       |       |       |       |    44 |    17 ||    61
       Skin              |       |       |       |       |    15 |       ||    15
Dodge: Dodged            |     3 |    13 |    83 |    43 |    40 |    23 ||   205
       Repelled          |       |       |     2 |     1 |     2 |     6 ||    11
Block: Buckler           |       |       |     6 |    65 |    16 |       ||    87
       Other             |       |       |       |       |    30 |    18 ||    48

Table legend: (Time is in decaauts)
 A = Elapsed time spent in this place.
 B = Non-inter-level travel time spent in this place.
 C = Inter-level travel time spent in this place.
 D = Time resting spent in this place.
 E = Time spent auto-exploring this place.
 F = Levels seen in this place.
 G = Mean time per level.
                   A        B        C        D        E       F      G
               +--------+--------+--------+--------+--------+-----+--------+
         Total |  36771 |  35263 |   1508 |   7512 |  23690 |  25 | 1470.8 |
       Dungeon |  19991 |  18986 |   1005 |   4145 |  12667 |  13 | 1537.8 |
        Temple |    388 |    353 |     35 |      0 |    339 |   1 |  388.0 |
          Lair |  11469 |  11186 |    283 |   2431 |   7583 |   6 | 1911.5 |
     Snake Pit |   1352 |   1299 |     53 |     47 |   1098 |   2 |  676.0 |
  Orcish Mines |   2945 |   2814 |    131 |    889 |   1512 |   2 | 1472.5 |
        Bailey |    624 |    624 |      0 |      0 |    491 |   1 |  624.0 |
               +--------+--------+--------+--------+--------+-----+--------+

Top non-repeatable levels by time:
    D:12: 2929 daAuts
  Lair:2: 2096 daAuts
    D:11: 2091 daAuts
  Lair:6: 2032 daAuts
  Lair:1: 1976 daAuts
  Lair:5: 1921 daAuts
  Lair:4: 1888 daAuts
     D:7: 1879 daAuts
     D:8: 1797 daAuts
     D:9: 1791 daAuts
     D:4: 1611 daAuts
  Lair:3: 1554 daAuts
     D:5: 1542 daAuts
   Orc:2: 1501 daAuts
   Orc:1: 1443 daAuts
